 Dungeon Crawl Stone Soup version 0.21.1-1-g345015fe64 (webtiles) character file.

190 Enjoyment the Poker (level 5, 0/41 HPs)
             Began as a Demonspawn Berserker on June 21, 2018.
             Was a Priest of Trog.
             Slain by an ice beast (11 damage)
             ... on level 6 of the Dungeon.
             The game lasted 00:07:53 (3225 turns).

Enjoyment the Poker (Demonspawn Berserker)          Turns: 3225, Time: 00:07:54

Health: 0/41       AC: 10    Str: 18    XL:     5   Next: 41%
Magic:  5/5        EV: 12    Int:  9    God:    Trog [***...]
Gold:   97         SH:  0    Dex: 12    Spells: 4/4 levels left

rFire    . . .     SeeInvis .   e - +0 spear
rCold    . . .     Gourm    .   (no shield)
rNeg     . . .     Faith    .   i - +0 ring mail (curse)
rPois    .         Spirit   .   t - -1 helmet (curse)
rElec    .         Reflect  .   s - +0 cloak
rCorr    .         Harm     .   v - +0 pair of gloves
MR       .....                  l - +1 pair of boots
Stlth    +.........             (no amulet)
HPRegen  0.13/turn              (no ring)
MPRegen  0.09/turn              (no ring)

@: no status effects
A: claws 2, spiny 1
a: Berserk, Trog's Hand, Burn Spellbooks, Renounce Religion


You were on level 6 of the Dungeon.
You worshipped Trog.
Trog was most pleased with you.
You were not hungry.

You visited 1 branch of the dungeon, and saw 4 of its levels.

You collected 97 gold pieces.

Inventory:

Hand Weapons
 a - a +0 spear
 e - a +0 spear (weapon)
 q - a +0 trident
Armour
 b - a +0 animal skin
 d - a +0 ring mail
 i - a cursed +0 ring mail (worn)
 l - a +1 pair of boots (worn)
 m - a +0 scale mail
 n - a +0 chain mail
 s - a +0 cloak (worn)
 t - a cursed -1 helmet (worn)
 v - a +0 pair of gloves (worn)
Scrolls
 f - a scroll of enchant armour {unknown}
 h - a scroll of fear {unknown}
 j - 2 scrolls of teleportation {unknown}
 o - 3 scrolls of identify
 r - a scroll of noise {unknown}
Potions
 g - a potion of resistance {unknown}
 k - 2 potions of curing {unknown}
 p - a potion of might {unknown}
 u - a potion of heal wounds {unknown}
Comestibles
 c - 5 rations


   Skills:
 + Level 3.6 Fighting
 + Level 4.1 Polearms
 + Level 2.7 Armour
 + Level 2.8 Dodging
 + Level 0.5 Stealth


You had 4 spell levels left.
You didn't know any spells.

Dungeon Overview and Level Annotations

Branches:
Dungeon (3/15)

Altars:
Qazlal
Sif Muna


Innate Abilities, Weirdness & Mutations

You have very sharp fingernails.
You are partially covered in sharp spines.


Message History

You closely miss the ice beast.
The ice beast is moderately wounded.
The ice beast is struck by your spines. The ice beast misses you.
You barely miss the ice beast.
The ice beast is moderately wounded.
The ice beast barely misses you.
You hit the ice beast but do no damage.
The ice beast is moderately wounded.
The ice beast is struck by your spines. The ice beast hits you.
The ice beast freezes you!
* * * LOW HITPOINT WARNING * * *
You barely miss the ice beast.
The ice beast is heavily wounded.
The ice beast closely misses you.
You closely miss the ice beast.
The ice beast is heavily wounded.
The ice beast hits you.
* * * LOW HITPOINT WARNING * * *
The ice beast freezes you!
You die...

#......
#.....
#.....
.....
#...#
##...##
#...Y.#
#..@.#
##....#
#....##
######


You could see an ice beast.

Vanquished Creatures
  An orc wizard (D:3)
  6 adders
  An adder zombie (D:2)
  An ooze (D:3)
  2 worms
  2 dart slugs (D:1)
  4 leopard geckos
  13 orcs (D:3)
  2 ball pythons
  5 bats
  A giant cockroach (D:2)
  3 goblins (D:1)
  15 hobgoblins
  4 jackals (D:2)
  A quokka (D:2)
  3 frilled lizards
  8 kobolds
  5 rats
77 creatures vanquished.

Vanquished Creatures (others)
  2 fungi (D:3)
2 creatures vanquished.

Grand Total: 79 creatures vanquished

Notes
Turn   | Place    | Note
-------+----------+-------------------------------------------
     0 | D:1      | Enjoyment the Demonspawn Berserker began the quest for the Orb.
     0 | D:1      | Reached XP level 1. HP: 18/18 MP: 1/1
   390 | D:1      | Gained mutation: You have sharp fingernails. [demonic ancestry]
   390 | D:1      | Reached XP level 2. HP: 24/24 MP: 2/2
   393 | D:1      | Reached skill level 3 in Polearms
   813 | D:1      | Reached XP level 3. HP: 29/29 MP: 3/3
   849 | D:1      | Reached ** piety under Trog
  1932 | D:2      | Gained mutation: You are partially covered in sharp spines. [demonic ancestry]
  1932 | D:2      | Reached XP level 4. HP: 12/35 MP: 4/4
  2206 | D:2      | Found a stormy altar of Qazlal.
  2206 | D:2      | Found a deep blue altar of Sif Muna.
  2807 | D:3      | Gained mutation: You have very sharp fingernails. [demonic ancestry]
  2807 | D:3      | Reached XP level 5. HP: 41/41 MP: 5/5
  2810 | D:3      | Reached *** piety under Trog
  2955 | D:3      | Reached skill level 4 in Polearms
  3208 | D:3      | You fall through a shaft for 3 floors!
  3208 | D:6      | Noticed an ice beast
  3225 | D:6      | Slain by an ice beast

Skill      XL: |  1  2  3  4  5 |
---------------+----------------+-----
Polearms       | 3 4 |  4.1
Armour         | 2 |  2.7
Dodging        | 2 |  2.8
Fighting       | |  3.6
Stealth        | |  0.5

Action                   |  1- 3 |  4- 6 || total
-------------------------+-------+-------++-------
Melee: Spear             |   183 |   113 ||   296
  Use: Scroll            |     3 |       ||     3
  Eat: Ration            |     2 |     1 ||     3
Armor: Ring mail         |    65 |    37 ||   102
Dodge: Dodged            |    99 |    47 ||   146
